 Dungeon Crawl Stone Soup version 0.29.1 (webtiles) character file.

Game seed: 17555854087567856686

4015 qw the Cleaver (level 10, -7/89 HPs)
             Began as a Minotaur Berserker on Sept 13, 2022.
             Was an Elder of Trog.
             Killed by divine providence
             ... invoked by an orc priest
              (12 damage)
             ... on level 7 of the Dungeon.
             The game lasted 00:02:18 (8541 turns).

qw the Cleaver (Minotaur Berserker)                 Turns: 8541, Time: 00:02:19

Health: -7/89      AC:  9    Str: 32    XL:     10   Next: 3%
Magic:  9/9        EV: 10    Int:  4    God:    Trog [****..]
Gold:   427        SH:  0    Dex: 10    Spells: 9/9 levels left

rFire   . . .      SeeInvis .   Y - +0 war axe
rCold   . . .      Faith    .   (no shield)
rNeg    . . .      Spirit   .   k - +0 chain mail
rPois   .          Reflect  .   (helmet restricted)
rElec   .          Harm     .   (no cloak)
rCorr   .          Rampage  .   (no gloves)
Will    .....                   (no boots)
Stlth   ..........              (no amulet)
HPRegen 0.24/turn               b - +6 ring of strength
MPRegen 0.11/turn               (no ring)

@: on berserk cooldown, slowed, very slow
A: horns 2, retaliatory headbutt
a: Renounce Religion, Berserk, Trog's Hand, Brothers in Arms


You were on level 7 of the Dungeon.
You worshipped Trog.
Trog was greatly pleased with you.
You visited 1 branch of the dungeon, and saw 7 of its levels.

You collected 427 gold pieces.


Innate Abilities, Weirdness & Mutations

You have a pair of horns on your head.
You reflexively headbutt those who attack you in melee.


   Skills:
 - Level 8.3 Fighting
 + Level 14.2 Axes
 - Level 3.4 Throwing
 - Level 5.0 Armour
 - Level 3.3 Dodging


You had 9 spell levels left.
You didn't know any spells.
Your spell library was empty.

Inventory:

Hand Weapons
 f - a +0 morningstar
 Y - a +0 war axe (weapon)
Missiles
 j - 4 boomerangs of dispersal
 n - 5 javelins (quivered)
Armour
 c - the +1 scale mail of Hiaxue {rF+ rC++ Str+2 Int-4}
   (You found it on level 4 of the Dungeon)

   Str:       It affects your strength (+2).
   Int:       It affects your intelligence (-4).
   rF:        It protects you from fire.
   rC:        It greatly protects you from cold.
 k - a +0 chain mail (worn)
Jewellery
 b - a +6 ring of strength (left hand)
 o - a ring of fire
Scrolls
 a - 3 scrolls of identify
 h - a scroll of summoning {unknown}
Potions
 e - 2 potions of might
 i - a potion of curing
 l - a potion of haste
 m - a potion of cancellation

Dungeon Overview and Level Annotations

Branches:
Dungeon (7/15)             Temple (0/1) D:5

Altars:
Elyvilon
Okawaru
Qazlal
Ru
Uskayaw
Xom
Yredelemnul
The Shining One


Message History

Trog accepts your kill.
You feel a strong urge to attack something.
The centaur unwields a +0 shortbow.
The centaur wields a +0 flail.
The centaur hits you with a +0 flail. The centaur kicks you.
You slash the centaur!
The centaur is severely wounded.
Your surroundings suddenly seem different.
Found a book of Minor Magic.
Found a hide-covered altar of Uskayaw.
An orc comes into view. It is wielding a +0 flail.
You feel a strong urge to attack something.
The orc shouts!
An orc comes into view. It is wielding a +0 dagger.
The orc shouts!
You feel your anger nearly subside.
You are no longer berserk.
You are exhausted.
You feel yourself slow down. The orc misses you.
An orc comes into view. It is wielding a +0 whip.
You slash the orc!
You kill the orc!
Trog accepts your kill. The orc barely misses you.
Things that are here:
a +0 short sword; a +0 ring mail You slice the orc!!
You kill the orc!
Trog accepts your kill.
You hit the orc but do no damage. You completely miss the orc.
You headbutt the orc!
You kill the orc!
Trog accepts your kill.
You slash the orc!
You kill the orc!
Trog accepts your kill.
You can now call in reinforcements.
You closely miss the orc priest.
You headbutt the orc priest, but do no damage.
The orc priest hits you but does no damage.
You barely miss the orc priest.
The orc priest invokes the aid of Beogh against you.
Beogh smites you!
You die...

#........ #. #........
##### ###.
#####........ ..>.. ...
............. ##.#
..##########........
#..............#####
#............<.###..
#.)o.:####..........
#.)@..#(.#.......#.#
###o_.#(.#..........
#.####...#..#......###.
#........####..........
#.#####............#.##
#.........#....#
#.##.#### #....# #.. .#
#....## #..# # #
#......


You could see an orc warrior, 2 dancing weapons and an orc priest.

Vanquished Creatures
  A troll (D:7)
  Grinder (D:5)
  3 yaks (D:7)
  A steam dragon (D:7)
  Edmund (D:4)
  3 water moccasins
  2 sky beasts
  2 ice beasts
  4 black bears
  3 ogres (D:5)
  5 centaurs
  2 bullfrogs
  2 necrophages (D:6)
  2 scorpions
  2 jellies
  4 killer bees (D:7)
  3 hounds
  2 orc priests
  Natasha (D:2)
  4 iguanas
  An orc wizard (D:7)
  A hound zombie (D:3)
  12 adders
  A shadow imp (D:5)
  3 ufetubi
  An adder zombie (D:3)
  3 worms
  A dart slug (D:5)
  27 orcs
  9 endoplasms
  A giant cockroach (D:1)
  11 goblins
  9 hobgoblins
  10 jackals
  8 kobolds
  3 quokkas
  6 ball pythons
  5 bats
  2 frilled lizards
  A giant cockroach zombie (D:3)
  8 rats
171 creatures vanquished.

Vanquished Creatures (others)
  4 plants (D:7)
4 creatures vanquished.

Grand Total: 175 creatures vanquished

Notes
Turn   | Place    | Note
-------+----------+-------------------------------------------
     0 | D:1      | qw the Minotaur Berserker began the quest for the Orb.
     0 | D:1      | Reached XP level 1. HP: 19/19 MP: 0/0
     0 | D:1      | 0 ||| qw: Version: 0.1-a-119-g272c26d
     0 | D:1      | 0 ||| qw: Game counter: 11163
     0 | D:1      | 0 ||| qw: Always use a shield: true
     0 | D:1      | 0 ||| qw: Do Orc after D:15 true
     0 | D:1      | 0 ||| qw: Do second Lair branch before Depths: true
     0 | D:1      | 0 ||| qw: Lair rune preference: random
     0 | D:1      | 0 ||| qw: Plans: Normal
     0 | D:1      | 0 ||| PLANNING D:1-11
   103 | D:1      | Reached skill level 4 in Axes
   260 | D:1      | 260 ||| Stepping ~*~*~tactically~*~*~ (stealth).
   263 | D:1      | Reached XP level 2. HP: 26/26 MP: 1/1
   443 | D:1      | 443 ||| Stepping ~*~*~tactically~*~*~ (stealth).
   561 | D:1      | Reached ** piety under Trog
   562 | D:1      | Reached skill level 5 in Axes
   807 | D:1      | Reached XP level 3. HP: 31/31 MP: 2/2
  1008 | D:1      | 1008 ||| UPGRADING to +0 ring mail.
  1018 | D:1      | 1018 ||| DROPPING +0 animal skin.
  1019 | D:1      | 1019 ||| UPGRADING to +0 scale mail.
  1029 | D:1      | 1029 ||| DROPPING +0 ring mail.
  1030 | D:1      | 1030 ||| READING 3 scrolls labelled MOSSURR ISOANE.
  1031 | D:1      | 1031 ||| READING 2 scrolls labelled DECVEU SOMOH.
  1035 | D:1      | 1035 ||| READING 2 scrolls of identify.
  1035 | D:1      | 1035 ||| IDENTIFYING smoky blue potion
  1036 | D:1      | 1036 ||| DROPPING potion of flight.
  1184 | D:2      | 1184 ||| Stepping ~*~*~tactically~*~*~ (stealth).
  1186 | D:2      | 1186 ||| Stepping ~*~*~tactically~*~*~ (stealth).
  1464 | D:2      | Reached skill level 6 in Axes
  1464 | D:2      | Reached XP level 4. HP: 39/39 MP: 3/3
  1520 | D:2      | Noticed Natasha
  1521 | D:2      | 1521 ||| Stepping ~*~*~tactically~*~*~ (hiding).
  1523 | D:2      | 1523 ||| INVOKING Berserk.
  1528 | D:2      | Killed Natasha
  1709 | D:2      | Found a faded altar of an unknown god.
  1852 | D:2      | Reached skill level 1 in Throwing
  2005 | D:2      | 2005 ||| DROPPING amulet of faith.
  2006 | D:2      | 2006 ||| DROPPING amulet of magic regeneration.
  2007 | D:2      | 2007 ||| UPGRADING to +6 ring of strength.
  2008 | D:2      | 2008 ||| READING scroll labelled NAOHOD HINEF.
  2009 | D:2      | 2009 ||| READING scroll labelled VEWODU MEIKU.
  2010 | D:2      | 2010 ||| READING scroll labelled FIATIM WEPLO.
  2113 | D:3      | Reached *** piety under Trog
  2114 | D:3      | Reached XP level 5. HP: 44/45 MP: 4/4
  2125 | D:3      | Found a basalt altar of Yredelemnul.
  2129 | D:3      | 2129 ||| Stepping ~*~*~tactically~*~*~ (stealth).
  2130 | D:3      | 2130 ||| Stepping ~*~*~tactically~*~*~ (stealth).
  2133 | D:3      | 2133 ||| Stepping ~*~*~tactically~*~*~ (stealth).
  2134 | D:3      | 2134 ||| Stepping ~*~*~tactically~*~*~ (stealth).
  2135 | D:3      | 2135 ||| Stepping ~*~*~tactically~*~*~ (stealth).
  2202 | D:3      | Reached skill level 7 in Axes
  2327 | D:3      | 2327 ||| DROPPING +0 flail.
  2328 | D:3      | 2328 ||| DROPPING +0 mace.
  2383 | D:3      | Found a glowing golden altar of the Shining One.
  2436 | D:3      | 2436 ||| Stepping ~*~*~tactically~*~*~ (stealth).
  2444 | D:3      | 2444 ||| Stepping ~*~*~tactically~*~*~ (stealth).
  2535 | D:3      | 2535 ||| SWAPPING to +0 war axe.
  2536 | D:3      | 2536 ||| DROPPING +0 hand axe.
  2601 | D:3      | Found a sacrificial altar of Ru.
  2773 | D:3      | 2773 ||| Stepping ~*~*~tactically~*~*~ (stealth).
  2782 | D:3      | 2782 ||| Stepping ~*~*~tactically~*~*~ (hiding).
  2787 | D:3      | 2787 ||| INVOKING Berserk.
  2799 | D:3      | HP: 10/46 [poisoned by an orc]
  2803 | D:3      | HP: 4/46 [poisoned by an orc]
  3232 | D:3      | Found a white marble altar of Elyvilon.
  3232 | D:3      | Found a shimmering altar of Xom.
  3432 | D:3      | 3432 ||| DRINKING 2 sedimented purple potions.
  3433 | D:3      | 3433 ||| DRINKING 2 fuming silvery potions.
  3434 | D:3      | 3434 ||| DRINKING 3 golden potions.
  3435 | D:3      | 3435 ||| READING 2 scrolls of identify.
  3435 | D:3      | 3435 ||| IDENTIFYING brown potion
  3436 | D:3      | 3436 ||| DROPPING potion of invisibility.
  3562 | D:4      | Reached XP level 6. HP: 48/52 MP: 5/5
  3583 | D:4      | Found a stormy altar of Qazlal.
  3700 | D:4      | 3700 ||| Stepping ~*~*~tactically~*~*~ (stealth).
  3873 | D:4      | 3873 ||| Stepping ~*~*~tactically~*~*~ (stealth).
  3877 | D:4      | 3877 ||| Stepping ~*~*~tactically~*~*~ (stealth).
  3880 | D:4      | Reached skill level 8 in Axes
  3881 | D:4      | 3881 ||| Stepping ~*~*~tactically~*~*~ (stealth).
  3917 | D:4      | Identified the +1 scale mail of Hiaxue {rF+ rC++ Str+2
                  | Int-4}
  3968 | D:4      | Noticed Edmund
  3972 | D:4      | 3972 ||| INVOKING Berserk.
  3976 | D:4      | Killed Edmund
  4076 | D:4      | 4076 ||| READING 2 scrolls of identify.
  4076 | D:4      | 4076 ||| IDENTIFYING glowing dark potion
  4077 | D:4      | 4077 ||| DROPPING potion of lignification.
  4092 | D:5      | Entered Level 5 of the Dungeon
  4092 | D:5      | Noticed an ice beast
  4094 | D:5      | 4094 ||| INVOKING Berserk.
  4097 | D:5      | Killed an ice beast
  4098 | D:5      | Reached skill level 9 in Axes
  4102 | D:5      | 4102 ||| STAIRDANCE
  4261 | D:5      | 4261 ||| INVOKING Berserk.
  4266 | D:5      | Reached XP level 7. HP: 60/60 MP: 6/6
  4396 | D:5      | 4396 ||| INVOKING Berserk.
  4557 | D:5      | 4557 ||| INVOKING Berserk.
  4560 | D:5      | Reached skill level 10 in Axes
  4728 | D:5      | Found a staircase to the Ecumenical Temple.
  4732 | D:5      | Noticed Grinder
  4733 | D:5      | 4733 ||| INVOKING Trog's Hand.
  4736 | D:5      | 4736 ||| INVOKING Berserk.
  4738 | D:5      | Killed Grinder
  4739 | D:5      | Reached skill level 3 in Throwing
  4739 | D:5      | Reached XP level 8. HP: 69/69 MP: 7/7
  4851 | D:5      | 4851 ||| Stepping ~*~*~tactically~*~*~ (stealth).
  4872 | D:5      | Reached skill level 6 in Fighting
  5306 | D:5      | 5306 ||| INVOKING Berserk.
  5310 | D:5      | Reached skill level 11 in Axes
  5534 | D:5      | 5534 ||| INVOKING Berserk.
  5694 | D:5      | Reached skill level 12 in Axes
  5694 | D:5      | 5694 ||| FLEEEEING.
  5695 | D:5      | 5695 ||| FLEEEEING.
  5708 | D:5      | 5708 ||| FLEEEEING.
  5710 | D:5      | 5710 ||| FLEEEEING.
  5711 | D:5      | 5711 ||| FLEEEEING.
  5712 | D:5      | 5712 ||| FLEEEEING.
  5714 | D:5      | 5714 ||| INVOKING Berserk.
  6069 | D:5      | 6069 ||| READING scroll labelled SOG OQ GADUOH.
  6170 | D:5      | 6170 ||| READING 3 scrolls labelled QIDAOS JAKH.
  6171 | D:5      | 6171 ||| READING scroll labelled KELOYS FOWI.
  6172 | D:5      | 6172 ||| DRINKING 2 lumpy dark potions.
  6173 | D:5      | 6173 ||| DRINKING 2 silvery potions.
  6174 | D:5      | 6174 ||| READING 3 scrolls of identify.
  6174 | D:5      | 6174 ||| IDENTIFYING dark potion
  6175 | D:5      | 6175 ||| DROPPING potion of attraction.
  6176 | D:5      | 6176 ||| DROPPING 2 scrolls of immolation.
  6196 | D:6      | 6196 ||| STAIRDANCE
  6383 | D:6      | Reached skill level 3 in Armour
  6383 | D:6      | Reached XP level 9. HP: 69/79 MP: 8/8
  6383 | D:6      | 6383 ||| STAIRDANCE
  6476 | D:6      | 6476 ||| DROPPING +1 flail of holy wrath.
  6486 | D:6      | 6486 ||| Stepping ~*~*~tactically~*~*~ (hiding).
  6530 | D:6      | Reached skill level 3 in Dodging
  6569 | D:6      | 6569 ||| Stepping ~*~*~tactically~*~*~ (stealth).
  6570 | D:6      | 6570 ||| Stepping ~*~*~tactically~*~*~ (stealth).
  6572 | D:6      | 6572 ||| INVOKING Berserk.
  6728 | D:6      | Found an iron altar of Okawaru.
  6894 | D:6      | 6894 ||| Stepping ~*~*~tactically~*~*~ (stealth).
  6895 | D:6      | 6895 ||| Stepping ~*~*~tactically~*~*~ (stealth).
  6896 | D:6      | 6896 ||| Stepping ~*~*~tactically~*~*~ (stealth).
  7369 | D:6      | Reached skill level 13 in Axes
  7437 | D:6      | 7437 ||| UPGRADING to +0 chain mail.
  7447 | D:6      | 7447 ||| DROPPING +0 scale mail.
  7448 | D:6      | 7448 ||| READING scroll labelled EGEUTE HUUKHLUU.
  7621 | D:7      | Noticed a +0 hand axe
  7621 | D:7      | Noticed a +0 hand axe
  7649 | D:7      | 7649 ||| Stepping ~*~*~tactically~*~*~ (stealth).
  7650 | D:7      | 7650 ||| Stepping ~*~*~tactically~*~*~ (stealth).
  7657 | D:7      | 7657 ||| Stepping ~*~*~tactically~*~*~ (stealth).
  7668 | D:7      | 7668 ||| Stepping ~*~*~tactically~*~*~ (stealth).
  7671 | D:7      | 7671 ||| Stepping ~*~*~tactically~*~*~ (stealth).
  7677 | D:7      | 7677 ||| Stepping ~*~*~tactically~*~*~ (stealth).
  7679 | D:7      | 7679 ||| Stepping ~*~*~tactically~*~*~ (stealth).
  7687 | D:7      | 7687 ||| INVOKING Berserk.
  7901 | D:7      | 7901 ||| Stepping ~*~*~tactically~*~*~ (stealth).
  7901 | D:7      | Noticed a troll
  7902 | D:7      | 7902 ||| Stepping ~*~*~tactically~*~*~ (hiding).
  7904 | D:7      | 7904 ||| INVOKING Berserk.
  7920 | D:7      | Killed a troll
  7924 | D:7      | Reached skill level 14 in Axes
  7925 | D:7      | HP: 18/82 [orc warrior/+0 dire flail (18)]
  7926 | D:7      | 7926 ||| READING 3 scrolls of teleportation.
  7927 | D:7      | 7927 ||| DRINKING 4 potions of heal wounds.
  7928 | D:7      | 7928 ||| DRINKING 3 potions of heal wounds.
  8163 | D:7      | 8163 ||| Stepping ~*~*~tactically~*~*~ (stealth).
  8164 | D:7      | 8164 ||| Stepping ~*~*~tactically~*~*~ (stealth).
  8365 | D:7      | 8365 ||| Stepping ~*~*~tactically~*~*~ (stealth).
  8466 | D:7      | 8466 ||| Stepping ~*~*~tactically~*~*~ (stealth).
  8471 | D:7      | 8471 ||| Stepping ~*~*~tactically~*~*~ (stealth).
  8506 | D:7      | Reached XP level 10. HP: 71/89 MP: 9/9
  8519 | D:7      | HP: 17/89 [orc priest/divine providence (12)]
  8520 | D:7      | 8520 ||| READING 2 scrolls of teleportation.
  8521 | D:7      | 8521 ||| DRINKING 2 potions of heal wounds.
  8524 | D:7      | 8524 ||| DRINKING potion of heal wounds.
  8525 | D:7      | HP: 22/89 [centaur/arrow (3)]
  8526 | D:7      | 8526 ||| READING scroll of teleportation.
  8527 | D:7      | 8527 ||| INVOKING Berserk.
  8527 | D:7      | HP: 6/133 [centaur/arrow (14)]
  8531 | D:7      | Found a hide-covered altar of Uskayaw.
  8539 | D:7      | Reached **** piety under Trog
  8541 | D:7      | Killed from afar by an orc priest

Levels and vault maps discovered:
D:1:      nzn_arrival_settlement, layout_loops_cross
D:2:      layout_loops_ring, basic_ecumenical_altar, guppyfry_early_orc_mine,
          uniq_natasha
D:3:      layout_basic, nicolae_yredelemnul_corpse_copse,
          mainiacjoe_overflow_catwalk, nicolae_tso_swordbearing_angel,
          amethyst_overflow_temple_binary
D:4:      layout_basic, grunt_qazlal_clouds, due_unseen_surprise, uniq_edmund
D:5:      minmay_chambers_of_threes, layout_basic,
          minmay_temple_entry_statues_pillars, corexii_shack, minivault_27,
          kennysheep_small_circle, uniq_grinder
D:6:      layout_gridville, general_overflow_altar, nicolae_eternal_life
D:7:      layout_basic, dancing_weapons_uskayaw, corexii_leaking_fountain,
          chequers_big_river, minmay_fractal_squares_5

Skill      XL: |  1  2  3  4  5  6  7  8  9 |
---------------+----------------------------+-----
Axes           | 4 5 6 7 9 10 12 14 | 14.2
Throwing       | 1 3 |  3.4
Fighting       | 4 5 7 8 |  8.3
Armour         | 3 5 |  5.0
Dodging        | 3 |  3.3

Action                   |  1- 3 |  4- 6 |  7- 9 | 10-12 || total
-------------------------+-------+-------+-------+-------++-------
Melee: Hand axe          |    85 |    59 |       |       ||   144
       Headbutt          |    11 |    16 |    28 |     2 ||    57
       Punch             |     1 |     1 |     2 |       ||     4
       War axe           |       |    50 |   146 |     7 ||   203
Throw: Javelin           |       |    55 |    21 |       ||    76
Invok: Berserk           |       |     5 |     9 |     1 ||    15
       Trog's Hand       |       |       |     1 |       ||     1
  Use: Scroll            |     3 |     5 |     6 |     2 ||    16
       Potion            |       |     3 |     4 |     2 ||     9
 Stab: Sleeping          |     1 |       |       |       ||     1
Armor: Animal skin       |     5 |       |       |       ||     5
       Scale mail        |    17 |    32 |    22 |       ||    71
       Chain mail        |       |       |    16 |     2 ||    18
Dodge: Dodged            |    30 |    40 |    75 |     3 ||   148

Table legend:
 A = Non-vault XP
 B = Vault XP
 C = Vault XP percentage of total XP
 D = Non-vault monster count
 E = Vault monster count
 F = Vault count percentage of total count
                 A         B        C        D         E       F
            +---------+---------+-------+---------+---------+-------
      Total |    4091 |    1645 |  28.7 |     140 |      31 |  18.1
            +---------+---------+-------+---------+---------+-------
        D:1 |      44 |       0 |   0.0 |      24 |       0 |   0.0
        D:2 |      69 |      54 |  43.9 |      21 |       8 |  27.6
        D:3 |     140 |      29 |  17.2 |      28 |       3 |   9.7
        D:4 |      83 |     162 |  66.1 |      18 |       1 |   5.3
        D:5 |    1186 |     970 |  45.0 |      14 |      15 |  51.7
        D:6 |     948 |       0 |   0.0 |      13 |       0 |   0.0
        D:7 |    1621 |     430 |  21.0 |      22 |       4 |  15.4
            +---------+---------+-------+---------+---------+-------
